[Event "DVM U10 2024"]
[Site "Duesseldorf"]
[Date "2024.12.27"]
[Round "1"]
[White "Jiang, Alexander D"]
[Black "Boeskov, Steffen"]
[Result "1-0"]
[ECO "C57"]
[WhiteElo "1958"]
[BlackElo "1933"]
[Annotator "RC"]
[PlyCount "43"]
[EventDate "2024.12.23"]
[EventType "team-tourn"]
[EventRounds "7"]
[EventCountry "GER"]
[SourceTitle "playchess.com"]
[Source "ChessBase"]
[SourceQuality "1"]
[TimeControl "3300+5"]

1. e4 e5 2. Nf3 Nc6 3. Bc4 Nf6 4. Ng5 d5 5. exd5 Nxd5 6. Qf3 Qxg5 7. Bxd5 Be6 8. Bxc6+ Bd7 9. Bxd7+ Kxd7 10. O-O f5 11. Qd5+ Bd6 12. d4 c6 13. Qxd6+ Kxd6 14. dxe5+ Kxe5 15. Bxg5 f4 16. Re1+ Kf5 17. Be7 Rhe8 18. Nc3 Rac8 19. Bd6 Rxe1+ 20. Rxe1 Rd8 21. Ne4 Re8 22. Ng3+ 1-0

[Event "DVM U10 2024"]
[Site "Duesseldorf"]
[Date "2024.12.27"]
[Round "1"]
[White "Mueller, Konstantin"]
[Black "Sriram, Yashasri"]
[Result "1-0"]
[ECO "C18"]
[WhiteElo "1957"]
[BlackElo "1520"]
[Annotator "RC"]
[PlyCount "57"]
[EventDate "2024.12.23"]
[EventType "team-tourn"]
[EventRounds "7"]
[EventCountry "GER"]
[SourceTitle "playchess.com"]
[Source "ChessBase"]
[SourceQuality "1"]
[TimeControl "3300+5"]

1. e4 e6 2. d4 d5 3. Nc3 Bb4 4. e5 c5 5. a3 Bxc3+ 6. bxc3 Ne7 7. Qg4 Ng6 8. h4 h5 9. Qd1 Nc6 10. Nf3 c4 11. Be2 Nce7 12. Ng5 f6 13. exf6 gxf6 14. Nh3 Nxh4 15. Nf4 Nhg6 16. Bxh5 Kf7 17. Nxg6 Nxg6 18. Qg4 Rg8 19. Bxg6+ Ke7 20. Rh7+ Kd6 21. Qg3+ Kc6 22. f4 f5 23. Rh6 Qf8 24. Qh4 Qg7 25. Be3 Bd7 26. O-O-O Raf8 27. Rh7 Qxg6 28. Qe7 b6 29. Qxd7# 1-0

[Event "DVM U10 2024"]
[Site "Duesseldorf"]
[Date "2024.12.27"]
[Round "1"]
[White "Peters, Leopold"]
[Black "Özdemir, Anna Valentina"]
[Result "1-0"]
[ECO "D37"]
[WhiteElo "1701"]
[BlackElo "954"]
[Annotator "NA RC"]
[PlyCount "46"]
[EventDate "2024.12.23"]
[EventType "team-tourn"]
[EventRounds "7"]
[EventCountry "GER"]
[SourceTitle "playchess.com"]
[Source "ChessBase"]
[SourceQuality "1"]
[TimeControl "3300+5"]

1. d4 d5 2. c4 e6 3. Nc3 Nf6 4. Nf3 Bd7 5. Bf4 c5 6. cxd5 exd5 7. dxc5 Bxc5 8. e3 O-O 9. a3 Nc6 10. Nxd5 Nxd5 11. Qxd5 Bb6 12. Qd1 Be6 13. Be2 Qf6 14. Qc2 Rac8 15. Qb1 Ba5+ 16. b4 Qc3+ 17. Nd2 Bf5 18. Qc1 Qxc1+ 19. Rxc1 Bc7 20. Bxc7 Rxc7 21. O-O Rd7 22. Nf3 Rd6 23. Rfd1 Rg6 1-0

[Event "DVM U10 2024"]
[Site "Duesseldorf"]
[Date "2024.12.27"]
[Round "1"]
[White "Schmidt, Jan"]
[Black "Rogozhin, Georg"]
[Result "1-0"]
[ECO "D15"]
[WhiteElo "1688"]
[BlackElo "1232"]
[Annotator "NA RC"]
[PlyCount "81"]
[EventDate "2024.12.23"]
[EventType "team-tourn"]
[EventRounds "7"]
[EventCountry "GER"]
[SourceTitle "playchess.com"]
[Source "ChessBase"]
[SourceQuality "1"]
[TimeControl "3300+5"]

1. d4 d5 2. c4 c6 3. Nc3 Nf6 4. Nf3 Be6 5. c5 g6 6. Bg5 Bg7 7. e3 Nbd7 8. Bd3 O-O 9. O-O Qc7 10. b4 a6 11. a4 Nh5 12. Bxe7 Rfe8 13. Bd6 Qd8 14. Qb3 Qf6 15. b5 a5 16. Qc2 Bg4 17. Be2 Bxf3 18. Bxf3 Bf8 19. Bxh5 gxh5 20. Bf4 Bh6 21. Bxh6 Qxh6 22. Qf5 Nf6 23. Rab1 Kh8 24. bxc6 bxc6 25. Rb7 Qg6 26. Qf3 Rg8 27. Ne2 Ne4 28. Nf4 Qg5 29. Nxh5 Nd2 30. Qf6+ Qxf6 31. Nxf6 Rxg2+ 32. Kxg2 Nxf1 33. Kxf1 Kg7 34. Nd7 f5 35. Ne5+ Kf6 36. Nxc6 h5 37. Ne7 Ke6 38. c6 Kd6 39. c7 Kxe7 40. c8=Q+ Kd6 41. Qd7# 1-0

[Event "DVM U10 2024"]
[Site "Duesseldorf"]
[Date "2024.12.27"]
[Round "1"]
[White "Busch, Jonathan Luis"]
[Black "Satheesh, Dharshini"]
[Result "1-0"]
[ECO "A25"]
[WhiteElo "1655"]
[BlackElo "1643"]
[Annotator "NA RC"]
[PlyCount "41"]
[EventDate "2024.12.23"]
[EventType "team-tourn"]
[EventRounds "7"]
[EventCountry "GER"]
[SourceTitle "playchess.com"]
[Source "ChessBase"]
[SourceQuality "1"]
[TimeControl "3300+5"]

1. c4 e5 2. g3 Nf6 3. Bg2 Nc6 4. e3 d6 5. Nc3 Be6 6. d3 d5 7. cxd5 Nxd5 8. a3 Bc5 9. Nge2 O-O 10. O-O Qd7 11. Qc2 Rad8 12. Nxd5 Bxd5 13. Qxc5 Bxg2 14. Kxg2 Qxd3 15. Nc3 Qc2 16. Qb5 Rb8 17. Qa4 Qxa4 18. Nxa4 Rbd8 19. b4 a6 20. Bb2 f6 21. Rfd1 1-0

[Event "DVM U10 2024"]
[Site "Duesseldorf"]
[Date "2024.12.27"]
[Round "1"]
[White "Kukhtichev, Maksim"]
[Black "Breaz, Arthur"]
[Result "1-0"]
[ECO "C54"]
[WhiteElo "1639"]
[BlackElo "1123"]
[Annotator "NA RC"]
[PlyCount "75"]
[EventDate "2024.12.23"]
[EventType "team-tourn"]
[EventRounds "7"]
[EventCountry "GER"]
[SourceTitle "playchess.com"]
[Source "ChessBase"]
[SourceQuality "1"]
[TimeControl "3300+5"]

1. e4 e5 2. Nf3 Nc6 3. d4 exd4 4. Bc4 Bc5 5. c3 Nge7 6. cxd4 Bb4+ 7. Bd2 d5 8. exd5 Nxd5 9. O-O O-O 10. a3 Bxd2 11. Qxd2 Bg4 12. Bxd5 Qxd5 13. Nc3 Qf5 14. Ne1 Rfe8 15. f3 Bh5 16. g4 Qg6 17. Ng2 Bxg4 18. fxg4 Qxg4 19. d5 Rad8 20. Qf2 Ne5 21. Qf4 Qg6 22. Rae1 Nd3 23. Rxe8+ Rxe8 24. Qxc7 Ne1 25. Qg3 Qb6+ 26. Qf2 Nf3+ 27. Kh1 Qxf2 28. Rxf2 Ng5 29. Nf4 g6 30. d6 h5 31. Nfd5 Kg7 32. d7 Rd8 33. Nf6 Nh3 34. Rf1 h4 35. Nb5 Kf8 36. Nd6 Rxd7 37. Nxd7+ Ke7 38. Ne4 1-0

[Event "DVM U10 2024"]
[Site "Duesseldorf"]
[Date "2024.12.27"]
[Round "1"]
[White "Braren, Ove Neelis"]
[Black "White, William"]
[Result "1-0"]
[ECO "C45"]
[WhiteElo "1634"]
[BlackElo "1750"]
[Annotator "NA RC"]
[PlyCount "91"]
[EventDate "2024.12.23"]
[EventType "team-tourn"]
[EventRounds "7"]
[EventCountry "GER"]
[SourceTitle "playchess.com"]
[Source "ChessBase"]
[SourceQuality "1"]
[TimeControl "3300+5"]

1. e4 e5 2. Nf3 Nc6 3. d4 exd4 4. Nxd4 Nxd4 5. Qxd4 d6 6. Nc3 Nf6 7. Be3 Be7 8. Bc4 O-O 9. O-O Ng4 10. Bf4 Bf6 11. Qd2 Ne5 12. Be2 Ng6 13. Be3 Bd7 14. Rad1 Bc6 15. Bd4 Re8 16. f3 Bxd4+ 17. Qxd4 Nf4 18. Bc4 Qg5 19. Qd2 a6 20. a4 Nh3+ 21. Kh1 Qxd2 22. Rxd2 Ng5 23. Nd5 Ne6 24. a5 Rac8 25. Rfd1 Bd7 26. Kg1 Nd8 27. c3 Nc6 28. Ra1 Ne7 29. Kf2 Be6 30. Rad1 Nxd5 31. Bxd5 Bxd5 32. Rxd5 Re6 33. R1d2 Rce8 34. c4 Re5 35. b4 Kf8 36. Rxe5 Rxe5 37. Rd5 Ke7 38. Ke3 c6 39. Rxe5+ dxe5 40. h4 Kd6 41. Kd3 Ke6 42. g4 g6 43. g5 f6 44. Ke3 Kf7 45. Kf2 fxg5 46. hxg5 1-0

[Event "DVM U10 2024"]
[Site "Duesseldorf"]
[Date "2024.12.27"]
[Round "1"]
[White "Bashirova, Sona"]
[Black "Gheng, Hannes Lucas"]
[Result "1-0"]
[ECO "D02"]
[WhiteElo "1626"]
[BlackElo "1482"]
[Annotator "NA RC"]
[PlyCount "35"]
[EventDate "2024.12.23"]
[EventType "team-tourn"]
[EventRounds "7"]
[EventCountry "GER"]
[SourceTitle "playchess.com"]
[Source "ChessBase"]
[SourceQuality "1"]
[TimeControl "3300+5"]

1. d4 d5 2. Bf4 e6 3. e3 Nf6 4. Nd2 Be7 5. Ngf3 O-O 6. c3 Nbd7 7. Bd3 b6 8. Ne5 Bb7 9. Ndf3 Ne4 10. Nxd7 Qxd7 11. Ne5 Qd8 12. f3 Nf6 13. Qc2 h6 14. O-O-O a5 15. g4 a4 16. a3 Ba6 17. Bxa6 Rxa6 18. h4 1-0

[Event "DVM U10 2024"]
[Site "Duesseldorf"]
[Date "2024.12.27"]
[Round "1"]
[White "Dombert, Johannes"]
[Black "Leppin, Mattis"]
[Result "1/2-1/2"]
[ECO "B19"]
[WhiteElo "1611"]
[BlackElo "1138"]
[Annotator "NA RC"]
[PlyCount "78"]
[EventDate "2024.12.23"]
[EventType "team-tourn"]
[EventRounds "7"]
[EventCountry "GER"]
[SourceTitle "playchess.com"]
[Source "ChessBase"]
[SourceQuality "1"]
[TimeControl "3300+5"]

1. e4 c6 2. d4 d5 3. Nc3 dxe4 4. Nxe4 Bf5 5. Ng3 Bg6 6. Nf3 Nf6 7. h4 h6 8. Bd3 Bh7 9. Bxh7 Nxh7 10. O-O e6 11. Be3 Bd6 12. Ne4 O-O 13. g3 f5 14. Nxd6 Qxd6 15. Bf4 Qe7 16. Ne5 Qe8 17. h5 Rf6 18. Re1 Nd7 19. Nxd7 Qxd7 20. c3 Re8 21. Qb3 b6 22. Kg2 Rf7 23. Be5 Nf6 24. Bxf6 Rxf6 25. Re2 f4 26. gxf4 Rxf4 27. Rh1 Qe7 28. Rh3 Rh4 29. f3 Qg5+ 30. Rg3 Qf6 31. Qc2 Rxh5 32. Qg6 Qxg6 33. Rxg6 Kf7 34. Rg4 e5 35. Rge4 Kf6 36. f4 Re6 37. dxe5+ Kf5 38. Kf3 Rh3+ 39. Kg2 Rh5 1/2-1/2

[Event "DVM U10 2024"]
[Site "Duesseldorf"]
[Date "2024.12.27"]
[Round "1"]
[White "Wang, Hanyu"]
[Black "Ju, Eric Zirui"]
[Result "0-1"]
[ECO "B51"]
[WhiteElo "1606"]
[BlackElo "1126"]
[Annotator "NA RC"]
[PlyCount "112"]
[EventDate "2024.12.23"]
[EventType "team-tourn"]
[EventRounds "7"]
[EventCountry "GER"]
[SourceTitle "playchess.com"]
[Source "ChessBase"]
[SourceQuality "1"]
[TimeControl "3300+5"]

1. e4 c5 2. Nf3 d6 3. Nc3 Nc6 4. Bb5 Bd7 5. Bxc6 Bxc6 6. d3 e6 7. Qe2 Ne7 8. Be3 b6 9. O-O g6 10. Rad1 d5 11. exd5 exd5 12. Bg5 Bg7 13. Rfe1 f6 14. Bh4 Kf7 15. d4 Re8 16. Qd2 c4 17. b3 cxb3 18. axb3 Nf5 19. Bg3 Nxg3 20. fxg3 Qd6 21. g4 Re7 22. g5 f5 23. Rxe7+ Qxe7 24. Re1 Qd6 25. Ne5+ Bxe5 26. dxe5 Qc5+ 27. Kh1 d4 28. Ne2 Rd8 29. Nf4 Qc3 30. Qxc3 dxc3 31. e6+ Ke7 32. Nd3 Be4 33. Ne5 Rd2 34. Nf3 Rxc2 35. Kg1 Rb2 36. Rc1 Rb1 37. Rxb1 Bxb1 38. Nd4 c2 39. Ne2 a5 40. Kf1 b5 41. Ke1 a4 42. bxa4 bxa4 43. Kd2 a3 44. Kc1 a2 45. Kb2 Kxe6 46. Nd4+ Kd5 47. Nxc2 Bxc2 48. Kxa2 Ke4 49. Kb2 Ba4 50. Kc1 Ke3 51. g3 Kf2 52. Kd2 Kg2 53. Ke2 Kxh2 54. Kf2 Bc6 55. g4 fxg4 56. Kf1 g3 0-1

[Event "DVM U10 2024"]
[Site "Duesseldorf"]
[Date "2024.12.27"]
[Round "1"]
[White "Kinateder, Vitus"]
[Black "Seitov, Adela"]
[Result "1/2-1/2"]
[ECO "C56"]
[WhiteElo "1605"]
[BlackElo "911"]
[Annotator "NA RC"]
[PlyCount "131"]
[EventDate "2024.12.23"]
[EventType "team-tourn"]
[EventRounds "7"]
[EventCountry "GER"]
[SourceTitle "playchess.com"]
[Source "ChessBase"]
[SourceQuality "1"]
[TimeControl "3300+5"]

1. e4 e5 2. Nf3 Nc6 3. d4 exd4 4. Bc4 Nf6 5. O-O Nxe4 6. Re1 d5 7. Bxd5 Qxd5 8. Nc3 Qh5 9. Rxe4+ Be6 10. Nxd4 Qxd1+ 11. Nxd1 Bd6 12. Nxe6 fxe6 13. Rxe6+ Be7 14. Nc3 O-O 15. Re1 Bc5 16. Be3 Bb4 17. a3 Bxc3 18. bxc3 Rfe8 19. Bf4 Rxe1+ 20. Rxe1 Rc8 21. h3 Rd8 22. Bxc7 Rd7 23. Bf4 Kf7 24. Kh2 Kf6 25. Kg3 g5 26. Bc1 h5 27. f4 h4+ 28. Kg4 gxf4 29. Bxf4 Rg7+ 30. Kf3 Kf5 31. Rg1 Ke6 32. g3 hxg3 33. Rxg3 Rd7 34. Rg6+ Kf5 35. Rd6 Re7 36. h4 Re1 37. Bd2 Ne5+ 38. Kg3 Rg1+ 39. Kf2 Rh1 40. Kg3 Rg1+ 41. Kf2 Rh1 42. Rh6 Ng4+ 43. Kg2 Rh2+ 44. Kg3 Rxd2 45. Rh7 Rxc2 46. Rxb7 Rxc3+ 47. Kg2 Rxa3 48. h5 Kg5 49. Rh7 a5 50. Kf1 Rb3 51. Ra7 Kxh5 52. Rxa5+ Kh4 53. Kg2 Rg3+ 54. Kf1 Rf3+ 55. Ke2 Rf2+ 56. Kd3 Rf3+ 57. Ke4 Kg3 58. Rg5 Rf4+ 59. Kd5 Ra4 60. Ke6 Ra6+ 61. Kd7 Kf4 62. Rb5 Ne5+ 63. Kc7 Rc6+ 64. Kb7 Kf5 65. Rxe5+ Kxe5 66. Kxc6 1/2-1/2

[Event "DVM U10 2024"]
[Site "Duesseldorf"]
[Date "2024.12.27"]
[Round "1"]
[White "Elli, Emeric"]
[Black "Ni, Wilhelm Zeyin"]
[Result "1/2-1/2"]
[ECO "B23"]
[WhiteElo "1574"]
[BlackElo "1611"]
[Annotator "NA RC"]
[PlyCount "70"]
[EventDate "2024.12.23"]
[EventType "team-tourn"]
[EventRounds "7"]
[EventCountry "GER"]
[SourceTitle "playchess.com"]
[Source "ChessBase"]
[SourceQuality "1"]
[TimeControl "3300+5"]

1. e4 c5 2. Nc3 d6 3. d3 Nf6 4. Be3 Nc6 5. h3 g6 6. Nf3 Bg7 7. g3 O-O 8. Bg2 e6 9. O-O b6 10. Qd2 d5 11. Bh6 Bb7 12. e5 Nd7 13. Bxg7 Kxg7 14. Rae1 Qb8 15. Qf4 a6 16. Re2 d4 17. Nd1 Nb4 18. a3 Nd5 19. Qd2 Qc7 20. c4 dxc3 21. Nxc3 Rac8 22. Rfe1 b5 23. Nd1 N7b6 24. Ne3 c4 25. Ra1 Nxe3 26. Rxe3 Nd5 27. Ree1 cxd3 28. Qxd3 Qc2 29. Qxc2 Rxc2 30. Rab1 Rfc8 31. Nd4 Rd2 32. Nf3 Rd3 33. Rec1 Rxc1+ 34. Rxc1 Nb6 35. Ne1 Rd7 1/2-1/2

[Event "DVM U10 2024"]
[Site "Duesseldorf"]
[Date "2024.12.27"]
[Round "1"]
[White "Wessels, Keke"]
[Black "Luible, Sebastian"]
[Result "1/2-1/2"]
[ECO "D00"]
[WhiteElo "1568"]
[BlackElo "1104"]
[Annotator "NA RC"]
[PlyCount "58"]
[EventDate "2024.12.23"]
[EventType "team-tourn"]
[EventRounds "7"]
[EventCountry "GER"]
[SourceTitle "playchess.com"]
[Source "ChessBase"]
[SourceQuality "1"]
[TimeControl "3300+5"]

1. d4 d5 2. Nc3 e6 3. Bf4 Nf6 4. Nb5 Na6 5. e3 c6 6. Nc3 Bd6 7. Bxa6 bxa6 8. Nge2 O-O 9. O-O a5 10. Qd3 Bxf4 11. Nxf4 Qb6 12. Na4 Ba6 13. Nxb6 Bxd3 14. Nxa8 Bxf1 15. Kxf1 Rxa8 16. f3 h6 17. Nd3 Rb8 18. Rb1 Nd7 19. a4 f6 20. e4 Nb6 21. b3 dxe4 22. fxe4 Nc4 23. Ke2 Nd6 24. Nc5 Kf7 25. Kd3 Nb7 26. Kc4 Nd6+ 27. Kd3 Nb7 28. Na6 Rd8 29. Ke3 f5 1/2-1/2

[Event "DVM U10 2024"]
[Site "Duesseldorf"]
[Date "2024.12.27"]
[Round "1"]
[White "Nune, Likhith Siddharth"]
[Black "Zielke, Mika"]
[Result "0-1"]
[ECO "C44"]
[WhiteElo "1533"]
[BlackElo "1623"]
[Annotator "NA RC"]
[PlyCount "95"]
[EventDate "2024.12.23"]
[EventType "team-tourn"]
[EventRounds "7"]
[EventCountry "GER"]
[SourceTitle "playchess.com"]
[Source "ChessBase"]
[SourceQuality "1"]
[TimeControl "3300+5"]

1. e4 e5 2. Nf3 Nc6 3. d4 exd4 4. c3 d5 5. exd5 Qxd5 6. cxd4 Bg4 7. Nc3 Bb4 8. Be2 Bxf3 9. Bxf3 Qc4 10. d5 Bxc3+ 11. bxc3 Qxc3+ 12. Bd2 Qe5+ 13. Be3 Rd8 14. O-O Nge7 15. Re1 O-O 16. Qa4 Nxd5 17. Bxd5 Qxd5 18. Rad1 Qa5 19. Qxa5 Nxa5 20. Bd2 Nc6 21. Bc1 h6 22. Rxd8 Rxd8 23. g3 Kh7 24. Kg2 Kg6 25. f4 Rd3 26. h4 Rc3 27. Bd2 Rc2 28. Rd1 Rxa2 29. Kh3 a5 30. Bc3 a4 31. Rb1 b6 32. g4 Ra3 33. f5+ Kh7 34. Rc1 Nd4 35. Kg2 Ne2 36. Bb2 Nxc1 37. Bxa3 Nb3 38. Kg3 c5 39. Kf4 b5 40. Ke3 b4 41. Bb2 a3 42. Be5 f6 43. Bd6 a2 44. Ke4 a1=Q 45. Bxc5 Qe5+ 46. Kd3 Nxc5+ 47. Kc2 Qc3+ 48. Kd1 0-1

[Event "DVM U10 2024"]
[Site "Duesseldorf"]
[Date "2024.12.27"]
[Round "1"]
[White "Schonlau, Leopold"]
[Black "Mayer, Frederik Eliot"]
[Result "1-0"]
[ECO "C57"]
[WhiteElo "1533"]
[BlackElo "1128"]
[Annotator "NA RC"]
[PlyCount "55"]
[EventDate "2024.12.23"]
[EventType "team-tourn"]
[EventRounds "7"]
[EventCountry "GER"]
[SourceTitle "playchess.com"]
[Source "ChessBase"]
[SourceQuality "1"]
[TimeControl "3300+5"]

1. e4 e5 2. Nf3 Nc6 3. Bc4 Nf6 4. Ng5 d5 5. exd5 Nxd5 6. Nxf7 Kxf7 7. Qf3+ Qf6 8. Bxd5+ Ke7 9. Qg3 Bd7 10. d3 h6 11. Nc3 Rb8 12. Ne4 Qf5 13. Be3 b6 14. O-O Rc8 15. f4 Nd4 16. Bxd4 exd4 17. Bb3 Kd8 18. Rae1 c6 19. Qf2 c5 20. Qg3 Rc6 21. Nd2 Bd6 22. Qh4+ Kc7 23. Nc4 h5 24. Ba4 Qd5 25. Bxc6 Bxc6 26. Qg5 Rh6 27. Nxd6 Kxd6 28. Qe7# 1-0

[Event "DVM U10 2024"]
[Site "Duesseldorf"]
[Date "2024.12.27"]
[Round "1"]
[White "El-Issa, Erik"]
[Black "Sauer, Ben"]
[Result "1-0"]
[ECO "C02"]
[WhiteElo "1530"]
[BlackElo "1645"]
[Annotator "NA RC"]
[PlyCount "83"]
[EventDate "2024.12.23"]
[EventType "team-tourn"]
[EventRounds "7"]
[EventCountry "GER"]
[SourceTitle "playchess.com"]
[Source "ChessBase"]
[SourceQuality "1"]
[TimeControl "3300+5"]

1. e4 c5 2. c3 e6 3. d4 d5 4. e5 Nc6 5. Nf3 Qb6 6. Qb3 Qxb3 7. axb3 cxd4 8. cxd4 Bd7 9. Bb5 a6 10. O-O Rc8 11. Be2 Be7 12. Be3 f6 13. Nc3 fxe5 14. Nxe5 Nxe5 15. dxe5 Bc5 16. Bxc5 Rxc5 17. Rfd1 Ne7 18. f4 O-O 19. g3 Nf5 20. b4 Rc7 21. Bd3 g6 22. Kf2 Rd8 23. Bxf5 gxf5 24. Rd2 Rdc8 25. Rad1 Rc4 26. Rd4 Kf7 27. h3 h5 28. Kf3 Ke7 29. g4 hxg4+ 30. hxg4 fxg4+ 31. Kxg4 Rg8+ 32. Kf3 Rcc8 33. f5 Rgf8 34. f6+ Kf7 35. Rg1 Rg8 36. Rdg4 Rxg4 37. Rxg4 Rg8 38. Rxg8 Kxg8 39. Ne2 Kf7 40. Nd4 Bc6 41. Kg4 Be8 42. Kg5 1-0

[Event "DVM U10 2024"]
[Site "Duesseldorf"]
[Date "2024.12.27"]
[Round "1"]
[White "Ragavendra Prasanna, Shyam Sundar"]
[Black "Pukshansky, Mikhail B"]
[Result "0-1"]
[ECO "A45"]
[WhiteElo "1524"]
[BlackElo "2405"]
[Annotator "TA"]
[PlyCount "116"]
[EventDate "2024.12.23"]
[EventType "team-tourn"]
[EventRounds "7"]
[EventCountry "GER"]
[SourceTitle "playchess.com"]
[Source "ChessBase"]
[SourceQuality "1"]
[TimeControl "3300+5"]

1. d4 Nf6 2. Bf4 e5 3. dxe5 Ne4 4. e3 Qh4 5. g3 Qd8 (5... Qe7 $16) 6. Bg2 $18 d5 7. exd6 Nxd6 8. Nc3 Nc6 9. Nf3 Bg4 10. h3 Bh5 11. g4 Bg6 12. Ne5 ({White should try} 12. Nd4 $18 Na5 13. Ndb5) 12... Nxe5 $16 13. Bxe5 Be7 (13... c6 $16 14. Qd4 f6) 14. Bxd6 Bxd6 {[%emt 0:00:07] Black is weak on the light squares} 15. Bxb7 (15. Qd4 $18 O-O 16. O-O-O (16. Bxb7 Rb8 $11)) 15... Rb8 16. Bc6+ Kf8 17. Nb5 Bc5 {[%emt 0:00:56] Dodges Qd4} (17... h5 $16) 18. Qxd8+ $18 Rxd8 19. Nxc7 $2 (19. c3 $18) 19... Rc8 $1 $11 (19... Bxc2 20. Na6 Bb6 21. a3 $16) 20. O-O-O Rxc7 21. Rd8+ Ke7 22. Rxh8 Rxc6 23. f4 $2 (23. g5 $11) 23... Bxe3+ $19 24. Kb1 {[%emt 0:01:08] f5 would now be deadly.} Bxf4 25. Re1+ Kf6 26. Re2 Rd6 27. a3 Kg5 28. Ra8 a6 29. Rb8 $2 (29. Rc8) 29... f6 $2 (29... Rd1+ 30. Ka2 Bxb8) 30. b4 $2 (30. Rb7) 30... Rd1+ 31. Kb2 Bxb8 {[%emt 0:00:16] A strong pair of Bishops.} 32. Re3 Be5+ 33. Kb3 Bf7+ 34. Ka4 Kf4 35. Rb3 Bxb3+ 36. cxb3 Rd3 37. b5 axb5+ 38. Kb4 Rxh3 39. a4 bxa4 40. bxa4 Kxg4 41. a5 Bb2 42. Kb5 Rh5+ 43. Kb6 Rxa5 44. Kxa5 h5 45. Kb4 h4 46. Kb3 {[%emt 0:00:31] [#]} h3 $1 47. Kxb2 {[%emt 0:00:08] KP-KP. Black is 3 pawns up.} (47. Ka4 h2) 47... h2 48. Kc2 h1=Q 49. Kd2 Qf3 50. Kc2 Qe3 51. Kb2 Qd3 52. Ka2 Qc3 53. Kb1 Qd2 54. Ka1 Kf3 55. Kb1 Ke3 56. Ka1 Kd3 57. Kb1 Kc3 58. Ka1 Qb2# 0-1

[Event "DVM U10 2024"]
[Site "Duesseldorf"]
[Date "2024.12.27"]
[Round "1"]
[White "Bentele, Otto"]
[Black "Bienbeck, Matthis"]
[Result "0-1"]
[ECO "B34"]
[WhiteElo "1522"]
[BlackElo "1490"]
[Annotator "NA RC"]
[PlyCount "31"]
[EventDate "2024.12.23"]
[EventType "team-tourn"]
[EventRounds "7"]
[EventCountry "GER"]
[SourceTitle "playchess.com"]
[Source "ChessBase"]
[SourceQuality "1"]
[TimeControl "3300+5"]

1. e4 c5 2. Nf3 Nc6 3. d4 cxd4 4. Nxd4 g6 5. Nc3 Bg7 6. Nxc6 bxc6 7. g3 Nf6 8. Bg2 Ba6 9. Ne2 O-O 10. O-O Qc7 11. Re1 Rad8 12. Nc3 d6 13. f4 Nd7 14. Bh3 Nb6 15. Bg2 Nc4 16. Bf1 0-1

[Event "DVM U10 2024"]
[Site "Duesseldorf"]
[Date "2024.12.27"]
[Round "1"]
[White "Pawlus, Daniel"]
[Black "Städler, Jannis"]
[Result "1-0"]
[ECO "D04"]
[WhiteElo "1521"]
[BlackElo "1082"]
[Annotator "NA RC"]
[PlyCount "113"]
[EventDate "2024.12.23"]
[EventType "team-tourn"]
[EventRounds "7"]
[EventCountry "GER"]
[SourceTitle "playchess.com"]
[Source "ChessBase"]
[SourceQuality "1"]
[TimeControl "3300+5"]

1. d4 d5 2. Nf3 Bg4 3. e3 Nf6 4. c4 e6 5. Nc3 Bb4 6. Bd2 Ne4 7. Nxe4 Bxd2+ 8. Nexd2 O-O 9. Be2 c6 10. O-O Nd7 11. Qb3 Rb8 12. cxd5 cxd5 13. Rac1 Qa5 14. Qb5 Qd8 15. Rc2 a6 16. Qa4 b5 17. Qxa6 Rb6 18. Qa3 Bf5 19. Rcc1 b4 20. Qa4 Qa8 21. Qxd7 Rd8 22. Qc7 Rb7 23. Qc5 e5 24. Nxe5 Rc8 25. Qxd5 Rd8 26. Qf3 Be6 27. Bc4 Bxc4 28. Ndxc4 f6 29. Nd3 Qa6 30. Nc5 Qxa2 31. Qxb7 Re8 32. Qxb4 Qa7 33. Ra1 Qc7 34. Qb7 Qxb7 35. Nxb7 Rb8 36. Ncd6 Kf8 37. Ra2 Ke7 38. Rfa1 g5 39. Ra8 Rxa8 40. Rxa8 h5 41. Nf5+ Ke6 42. Nbd6 Kd5 43. e4+ Ke6 44. b4 Kd7 45. b5 Kc7 46. e5 fxe5 47. dxe5 Kd7 48. b6 g4 49. b7 Ke6 50. b8=Q Kxe5 51. Ra5+ Kf4 52. Nf7+ Ke4 53. Qb4+ Kd3 54. Ra3+ Kc2 55. Qb3+ Kd2 56. Qb2+ Ke1 57. Ra1# 1-0

[Event "DVM U10 2024"]
[Site "Duesseldorf"]
[Date "2024.12.27"]
[Round "1"]
[White "Stopp, Bruno"]
[Black "Horn, Philipp"]
[Result "1-0"]
[ECO "C50"]
[WhiteElo "1519"]
[BlackElo "988"]
[Annotator "NA RC"]
[PlyCount "49"]
[EventDate "2024.12.23"]
[EventType "team-tourn"]
[EventRounds "7"]
[EventCountry "GER"]
[SourceTitle "playchess.com"]
[Source "ChessBase"]
[SourceQuality "1"]
[TimeControl "3300+5"]

1. e4 e5 2. Nf3 Nc6 3. Bc4 Bc5 4. d3 Nf6 5. Nc3 d6 6. Bg5 h6 7. Bxf6 Qxf6 8. Nd5 Qd8 9. c3 Be6 10. h3 Bxd5 11. Bxd5 Qd7 12. O-O O-O-O 13. b4 Bb6 14. a4 a6 15. b5 Na5 16. bxa6 bxa6 17. Rb1 g6 18. d4 exd4 19. cxd4 f5 20. Qe2 Qxa4 21. Rxb6 cxb6 22. Qxa6+ Kd7 23. Qa7+ Kc8 24. Rc1+ Nc4 25. Qb7# 1-0

[Event "DVM U10 2024"]
[Site "Duesseldorf"]
[Date "2024.12.27"]
[Round "1"]
[White "Hantke, Florian"]
[Black "Hübner, Jakob"]
[Result "1-0"]
[ECO "B21"]
[WhiteElo "1517"]
[BlackElo "1045"]
[Annotator "NA RC"]
[PlyCount "85"]
[EventDate "2024.12.23"]
[EventType "team-tourn"]
[EventRounds "7"]
[EventCountry "GER"]
[SourceTitle "playchess.com"]
[Source "ChessBase"]
[SourceQuality "1"]
[TimeControl "3300+5"]

1. e4 c5 2. d3 e6 3. f4 Nc6 4. Nf3 d6 5. c3 Qc7 6. Be2 Nf6 7. Na3 Be7 8. Nc2 O-O 9. O-O a6 10. Qe1 b5 11. Qg3 Bb7 12. f5 g6 13. Bg5 Nh5 14. Qg4 Bxg5 15. Nxg5 exf5 16. exf5 Ne5 17. Qh3 Nf6 18. fxg6 fxg6 19. Ne6 Qc6 20. Nxf8 Rxf8 21. Bf3 Nxf3+ 22. Rxf3 c4 23. Ne3 cxd3 24. Qe6+ Kg7 25. Qe7+ Rf7 26. Qe6 a5 27. Rd1 Qe4 28. Qxd6 Ng4 29. Rxf7+ Kxf7 30. Qd7+ Kg8 31. Qxg4 Qxe3+ 32. Kh1 h5 33. Qxg6+ Kf8 34. Rf1+ Ke7 35. Qf7+ Kd6 36. Qf4+ Qe5 37. Qxe5+ Kxe5 38. Re1+ Kf4 39. Kg1 Kg4 40. Kf2 Kf5 41. Ke3 Be4 42. Kd4 h4 43. Rf1+ 1-0

[Event "DVM U10 2024"]
[Site "Duesseldorf"]
[Date "2024.12.27"]
[Round "1"]
[White "Dintinger, Ata Lucien"]
[Black "Hornych, Fridtjof"]
[Result "1-0"]
[ECO "D40"]
[WhiteElo "1511"]
[BlackElo "1053"]
[Annotator "NA RC"]
[PlyCount "125"]
[EventDate "2024.12.23"]
[EventType "team-tourn"]
[EventRounds "7"]
[EventCountry "GER"]
[SourceTitle "playchess.com"]
[Source "ChessBase"]
[SourceQuality "1"]
[TimeControl "3300+5"]

1. e4 c6 2. d4 d5 3. exd5 cxd5 4. c4 Nf6 5. Nc3 e6 6. Nf3 Nc6 7. Be2 dxc4 8. Bxc4 Be7 9. O-O O-O 10. Re1 a6 11. Be3 b5 12. Bb3 Bb7 13. Bc2 Qc7 14. Bg5 Nb4 15. Be4 Nxe4 16. Nxe4 Bxg5 17. Nfxg5 h6 18. Nf3 Rac8 19. Re2 Nd5 20. Nc5 Nf4 21. Rc2 Bxf3 22. Qxf3 Nd5 23. Qe4 Qd6 24. Qe5 Qxe5 25. dxe5 Rc6 26. a3 Rfc8 27. Rac1 Nf4 28. b4 a5 29. Rd2 axb4 30. axb4 Nd5 31. Rb2 Nxb4 32. Rxb4 Rxc5 33. Rxc5 Rxc5 34. f4 Kf8 35. Kf2 Ke7 36. Ke3 Kd7 37. Rd4+ Rd5 38. Rb4 Kc6 39. Rb1 Kc5 40. Rc1+ Kb4 41. Rb1+ Kc3 42. Rc1+ Kb2 43. Rc7 b4 44. Rxf7 b3 45. Rxg7 Kb1 46. Rg6 b2 47. Rxe6 Ra5 48. Rb6 Ka1 49. e6 Ra8 50. f5 b1=Q 51. Rxb1+ Kxb1 52. Ke4 Kc2 53. f6 Kc3 54. f7 Rf8 55. e7 Rxf7 56. e8=Q Rf1 57. Qc6+ Kd2 58. Qxh6+ Kc3 59. g4 Re1+ 60. Kf5 Rf1+ 61. Kg6 Kd4 62. h4 Ke5 63. Qe3+ 1-0